← All builds
Geo sea / Armada / Economy first / OBSERVED BUILD

Standard geo sea

Armada Geo sea build order · Supreme Isthmus

Shipyard in the cove backed by a bot lab, pushing out early submarines and destroyers to contest the sea while teching up to a geothermal plant around 7:46, the role's bread-and-butter naval contest.

Usually shipyard in the cove (87%)

#naval #eco · 758 distinct matches · 103 players · 80% of Armada Geo sea games · team won 54% of 808 · Recently observed

HOW TO PLAY IT

Key timing: Shipyard by 3:13

  1. Open 3 mex and wind into Bot Lab.
  2. Put up Shipyard with naval turret and BP for defense.
  3. Send out "submarine" then "destroyer" to contest the sea.
  4. Bring geothermal online to fund the fleet.
  5. Add Advanced Metal Extractor as the economy transitions.

Phase by phase

TYPICAL OF ITS 758 GAMES
  1. 1
  2. 2
  3. 3
  4. 4
PLAY THE OPENING

Follow the example game's first 6:00 step by step: what to build now, what comes next, and where it goes. At 1× it keeps pace with your own game.

  1. 1

    Up to the Bot Lab

    Economy
    • Metal Extractor3Mex
    • Wind Turbine3Wind
    Order
    1. Bot LabBot Lab after 3 mex, 3 winddone ~1:12, middle half 1:06–1:17

    Some games also: wind for allies (44%)

    By 0:55 in all: 3 mex · 3 wind

    The example game in this phase · 5 steps
    1. Mex ×3
    2. Wind ×3for Air
    3. Wind ×2
    4. Energy storage
    5. Bot LabBot Labdone 1:38 · typical 1:12
  2. 2

    Bot Lab to Shipyard

    Economy
    • Metal Extractor1Mex
    • Wind Turbine1Wind
    Order
    1. ShipyardShipyard after 4 mex, 4 winddone ~3:10, middle half 2:49–3:36
    Builders
    • Construction Bot3 Con bot
    • Lazarus2 Lazarus

    Some games also: pawn (43%) · con turret (37%) · crossbow (34%)

    By 2:47 in all: 4 mex · 4 wind

    The example game in this phase · 7 steps
    1. Construction BotCon bot ×2
    2. CrossbowCrossbowfor Beach sea
    3. PawnPawn
    4. LazarusLazarus
    5. Construction BotCon bot
    6. LazarusLazarus
    7. ShipyardShipyarddone 3:03 · typical 3:10
  3. 3

    Shipyard to 5:00

    Economy
    • Metal Extractor4Mex
    • Wind Turbine1Wind
    Builders
    • Construction Ship1 Con ship
    Army
    • Dolphin3 Dolphin
    • Skater1 Skater
    • Corsair1 Destroyer
    Other
    • Radar Tower1 Radar Tower

    Some games also: Sentry (44%) · submarine (44%) · converter (32%) · pawn (32%) · con turret (31%)

    By 5:00 in all: 8 mex · 7 wind · 1 energy storage · 1 con turret

    The example game in this phase · 16 steps
    1. LazarusLazarus
    2. TickTick
    3. SkaterSkater
    4. TickTick ×2
    5. SkaterSkater ×2
    6. Mex ×2
    7. Construction ShipCon ship
    8. DolphinDolphin
    9. Mex ×2
    10. DolphinDolphin
    11. EelSubmarinedone 4:29 · typical 4:21
    12. Mex
    13. SentrySentry ×2
    14. Mex ×2
    15. DolphinDolphin ×3
    16. Naval Construction Turret
  4. 4

    5:00 to 10:00

    Economy
    • Metal Extractor2Mex
    • Wind Turbine12Wind
    • Energy Converter2Converter
    Builders
    • Construction Turret1 Con turret
    • Construction Ship1 Con ship
    • Grim Reaper1 Grim Reaper
    Army
    • Sentry1 Sentry
    • Dolphin5 Dolphin
    • Skater2 Skater
    • Corsair2 Destroyer

    Some games also: Radar Tower (48%) · geo (40%) · frigate (39%) · Harpoon (39%) · Naval Construction Turret (34%)

    By 10:00 in all: 11 mex · 19 wind · 1 geo · 4 converter · 1 energy storage · 2 con turret

    The example game in this phase · 97 steps
    1. SentrySentry
    2. DolphinDolphin
    3. SkaterSkater ×2
    4. SentrySentry
    5. CorsairDestroyerdone 6:45 · typical 5:35
    6. Geothermal PowerplantGeodone 7:24 · typical 7:46
    7. Mex
    8. SentrySentry
    9. Naval Radar / Sonar TowerNaval Radar / Sonar Tower
    10. EelSubmarine
    11. Mex
    12. DolphinDolphin
    13. Con turret
    14. Naval Radar / Sonar TowerNaval Radar / Sonar Tower
    15. DolphinDolphin ×2
    16. CorsairDestroyer
    17. EelSubmarine
    18. Radar TowerRadar Tower
    19. EllysawFrigate
    20. NettleNettle
    21. Converter
    22. EllysawFrigate
    23. Advanced Metal ExtractorT2 mexdone 9:23 · typical 9:17
    24. Converter ×2
    25. Naval Radar / Sonar TowerNaval Radar / Sonar Tower
    26. Converter
    27. CorsairDestroyer
    28. Wind
    29. Naval Radar / Sonar TowerNaval Radar / Sonar Tower
    30. Wind ×3
    31. Con turret
    32. Wind
    33. Advanced Metal ExtractorT2 mex
    34. Wind
    35. Converter
    36. SkaterSkater
    37. Converter ×3
    38. CorsairDestroyer
    39. Converter
    40. Advanced Metal ExtractorT2 mex
    41. Converter
    42. Radar TowerRadar Tower
    43. SkaterSkater
    44. CorsairDestroyer
    45. Advanced Metal ExtractorT2 mex
    46. Wind
    47. SkaterSkater
    48. Construction ShipCon ship
    49. SentrySentry
    50. EllysawFrigate
    51. Naval Radar / Sonar TowerNaval Radar / Sonar Tower
    52. Con turret
    53. Naval Construction Turret
    54. EllysawFrigate
    55. Naval Construction Turret
    56. CorsairDestroyer
    57. Advanced Geothermal PowerplantAdvanced Geothermal Powerplantdone 13:15
    58. Con turret
    59. MantaManta
    60. CorsairDestroyer
    61. EelSubmarine ×2
    62. ShipyardShipyarddone 13:39
    63. Naval Construction Turret
    64. Advanced Metal ExtractorT2 mex
    65. Shark's TeethShark's Teeth
    66. RiptideFrigatedone 13:45
    67. Energy storage
    68. Shark's TeethShark's Teeth ×2
    69. Energy storage
    70. Shark's TeethShark's Teeth
    71. RiptideFrigate
    72. Shark's TeethShark's Teeth ×2
    73. Energy storage
    74. RiptideFrigate
    75. Shark's TeethShark's Teeth ×2
    76. RiptideFrigate
    77. Construction ShipCon ship
    78. Shark's TeethShark's Teeth ×2
    79. RiptideFrigate
    80. Naval Radar / Sonar TowerNaval Radar / Sonar Tower
    81. SentrySentry
    82. Shark's TeethShark's Teeth ×2
    83. RiptideFrigate
    84. Shark's TeethShark's Teeth
    85. RiptideFrigate
    86. Advanced Metal ExtractorT2 mex
    87. Shark's TeethShark's Teeth ×2
    88. RiptideFrigate
    89. Shark's TeethShark's Teeth
    90. RiptideFrigate
    91. Shark's TeethShark's Teeth
    92. Death CavalryDeath Cavalry
    93. Con turret
    94. Shark's TeethShark's Teeth
    95. Naval Construction Turret
    96. Death CavalryDeath Cavalry
    97. Shark's TeethShark's Teeth

Counts are medians over the build's games: half of them build more, half fewer. The example game is iLike2Eco's (36 OS, 02/10/2026); pick another.

Team trades

IN AT LEAST 30% OF ITS GAMES

You hand over

  • Wind Turbine2 Wind to Airfirst at 1:41 · in 62% of games

You get

  • Finch1 Finch from Airfirst at 1:51 · in 74% of games
  • Hercules1 Light transport from Airfirst at 2:04 · in 63% of games
  • Advanced Construction Bot1 T2 con bot from Techfirst at 7:40 · in 89% of games

How it plays out

Typical game of this build, running totals by minute

Metal produced

010k20k30k
0:005:0010:0015:00

metal

Enemy metal destroyed

05k10k
0:005:0010:0015:00

metal

Own metal lost

02.5k5k7.5k
0:005:0010:0015:00

metal

808 games.

Show as table
ByMetal produced: This buildEnemy metal destroyed: This buildOwn metal lost: This build
1:0039500
2:0092800
3:00160200
4:002915051
5:00414517874
6:005554541307
7:0071111005646
8:00877317501052
9:001065425411692
10:001294534302273
11:001558446593178
12:001859557333936
13:002185669014793
14:002551379915646
15:002898891086662
WHAT THE NUMBERS SAY

Standard Armada geo sea nearly matches Cortex's economy numbers but wins slightly more often at 53%.

  • + Metal produced reaches 28785 by 15:00, the highest of the sea builds
  • + Own metal lost of 6895 stays well under enemy metal destroyed's 9048
  • − Geothermal only lands in 58% of games by 7:34
  • − T2 factory completes in only 40% of games by 12:43
THE EXAMPLE YOU ARE READING

iLike2Eco

35.5 OS · 02/10/2026

Open source match ↗

11 received units · includes a constructor
841 metal received · 120385 energy received

Allied construction assistance is unknown. Timings are observations, not a promise of solo reproducibility.

Typical milestones

Bot Lab1:12Middle 50%: 1:06–1:17 · n=775
Shipyard3:10Middle 50%: 2:49–3:36 · n=797
Eel4:21Middle 50%: 3:41–5:34 · n=478
Corsair5:35Middle 50%: 4:50–6:34 · n=746
Geothermal Powerplant7:46Middle 50%: 6:49–9:15 · n=494
Advanced Metal Extractor9:17Middle 50%: 8:36–10:06 · n=702

Played most by

_X_56games of this buildOptimusprimenutt52games of this buildKingBenjai49games of this buildhaaven44games of this buildRexalidus35games of this build